 Dungeon Crawl Stone Soup version 0.17-a0-1637-g5d65775 (webtiles) character file.

2343 CipHuK the Grappler (level 9, -2/75 HPs)
             Began as a Naga Fighter on Aug 6, 2015.
             Was a Priest of Cheibriados.
             Slain by an orc
             ... wielding a +0 mace
              (4 damage)
             ... on level 8 of the Dungeon on Aug 7, 2015.
             The game lasted 00:13:35 (7629 turns).

CipHuK the Grappler (Naga Fighter)                  Turns: 7629, Time: 00:13:35

Health: -2/75      AC:  7    Str: 26    XL:     9   Next: 43%
Magic:  9/9        EV:  6    Int: 18    God:    Cheibriados [***...]
Gold:   138        SH: 10    Dex: 18    Spells: 0 memorised, 8 levels left

rFire  . . .     SeeInvis +       - Unarmed
rCold  . . .     Clarity  .     a - +0 scale mail
rNeg   . . .     SustAt   .     b - +0 shield
rPois  +         Gourm    .     (no helmet)
rElec  .         Spirit   .     y - +0 cloak
rCorr  .         Warding  .     (no gloves)
rMut   .         Stasis   .     (no barding)
MR     +....                    J - amulet of faith
Stlth  +.........               F - ring of see invisible
                                m - ring of stealth

@: very slow, somewhat resistant to hostile enchantments, very unstealthy
A: see invisible, deformed body, poison resistance, slowness 2, slow metabolism
1, spit poison 2, AC +3
a: Spit Poison, Bend Time, Temporal Distortion, Renounce Religion


You were on level 8 of the Dungeon.
You worshipped Cheibriados.
Cheibriados was most pleased with you.
You were very hungry.

You visited 2 branches of the dungeon, and saw 9 of its levels.

You collected 325 gold pieces.
You spent 187 gold pieces at shops.

Inventory:

Armour
 a - a +0 scale mail (worn)
 b - a +0 shield (worn)
 y - a +0 cloak (worn)
Jewellery
 g - an uncursed amulet of guardian spirit
 m - a ring of stealth (left hand)
 w - an uncursed ring of sustain attributes
 F - a ring of see invisible (right hand)
 G - an uncursed amulet of warding {unknown}
 J - an amulet of faith (around neck)
 O - an uncursed ring of ice
Magical devices
 D - a wand of lightning (1)
 H - a wand of flame (1)
 Q - a wand of random effects (18)
Scrolls
 c - a scroll of amnesia {unknown}
 e - 3 scrolls of immolation {unknown}
 f - 2 scrolls of enchant weapon {unknown}
 h - 4 scrolls of magic mapping {unknown}
 i - 9 scrolls of identify
 j - 5 scrolls of teleportation {unknown}
 n - a scroll of blinking {unknown}
 o - 4 scrolls of recharging {unknown}
 p - 3 scrolls of random uselessness {unknown}
 r - 7 scrolls of remove curse
 K - 2 scrolls of fog {unknown}
 M - a scroll of enchant armour
 N - a scroll of vulnerability {unknown}
Potions
 s - a potion of lignification
 u - a potion of ambrosia {unknown}
 v - a potion of resistance
 z - a potion of flight
 A - a potion of agility {unknown}
 B - a potion of mutation {unknown}
 C - a potion of poison {unknown}
 E - a potion of curing {unknown}
 I - a potion of magic {unknown}
 L - a potion of heal wounds {unknown}
Books
 x - a book of Hinderance

   Spells                             Type                      Level
   a - Confusing Touch                Hexes                        2
   b - Confuse                        Hexes                        3
   c - Gell's Gravitas                Hexes/Translocation          3
   d - Petrify                        Transmutation/Earth          4
   e - Metabolic Englaciation         Hexes/Ice                    5
 P - a Necronomicon

   Spells                             Type                      Level
   a - Haunt                          Necromancy/Summoning         7
   b - Borgnjor's Revivification      Necromancy                   8
   c - Death's Door                   Charms/Necromancy            8
   d - Necromutation                  Transmutation/Necromancy     8
Comestibles
 d - 4 bread rations
 k - 3 meat rations
 q - 2 beef jerkies
 t - 3 slices of pizza


   Skills:
 - Level 3.0 Fighting
 + Level 2.8 Armour
 + Level 1.1 Dodging
 - Level 2.4 Shields
 - Level 12.0 Unarmed Combat


You had 8 spell levels left.
You didn't know any spells.

Dungeon Overview and Level Annotations

Branches:
Dungeon (8/15)             Temple (1/1) D:4
   Lair: D:8-11

Altars:
Ashenzari
Cheibriados
Dithmenos
Elyvilon
Fedhas
Gozag
Kikubaaqudgha
Makhleb
Nemelex Xobeh
Okawaru
Qazlal
Ru
Sif Muna
Trog
Vehumet
Xom
Yredelemnul
Zin
The Shining One

Shops:
D:2 *   D:7 ?


Innate Abilities, Weirdness & Mutations

You cannot wear boots.
Your serpentine skin is tough (AC +3).
You have supernaturally acute eyesight.
Armour fits poorly on your strangely shaped body.
Your system is resistant to poisons.
You cover ground very slowly.
You have a slow metabolism.
You can spit poison.


Message History

It was a potion of flight.
Your roots keep you in place.
The orc hits you but does no damage. x4
Drink which item? (? for menu, Esc to quit)
Your magical effects are unravelling.
You feel magically purged.
Your resistance to elements expires.
You feel less confused. You block the orc's attack.
The orc hits you but does no damage. You block the orc's attack.
The orc hits you but does no damage.
You pummel the orc!!
You kill the orc!
Cheibriados thoroughly appreciates the change of pace.
Cheibriados raises the support of your attributes as your movement slows.
You feel less woody.
Your +0 cloak unmelds from your body.
Your +0 scale mail unmelds from your body.
The orc hits you but does no damage.
Your shield and scale mail prevent you from hitting the orc.
The orc zaps a wand.
You resist with almost no effort. The orc hits you with a mace.
You die...

....# .#.#
.... ##...
...# #..#
###.
#.o###....
##o@o...#
#.).....#
#.....%.#..
#.........#
##<......##
##...####
....#
......
......##


You could see 3 orcs.

Vanquished Creatures
  A two-headed ogre (D:4)
  Grinder (D:3)
  Prince Ribbit (D:5)
  Eustachio (D:5)
  Duvessa (D:7)
  An orc warrior (D:8)
  An ice beast (D:6)
  2 phantoms
  An ogre (D:6)
  A giant frog (D:7)
  Dowan (D:7)
  A scorpion (D:4)
  2 crimson imps
  A quasit (D:6)
  An orc wizard (D:3)
  A centaur skeleton (D:6)
  2 orc priests
  2 hounds
  3 giant frog skeletons
  3 iguanas
  3 worker ants
  2 hound skeletons
  A worker ant zombie (D:5)
  7 gnolls
  10 adders
  A shadow imp (D:5)
  An adder zombie (D:6)
  An adder skeleton (D:5)
  5 worms
  3 giant geckos
  23 orcs
  3 ball pythons
  7 giant cockroaches
  6 goblins
  6 hobgoblins
  13 jackals
  2 quokkas
  10 bats
  A giant cockroach zombie (D:5)
  9 giant newts
  9 kobolds
  A quokka zombie (D:6)
  6 rats
  A spectral orc (D:6)
159 creatures vanquished.

Vanquished Creatures (others)
  12 fungi (D:5)
12 creatures vanquished.

Grand Total: 171 creatures vanquished

Notes
Turn   | Place    | Note
--------------------------------------------------------------
     0 | D:1      | CipHuK the Naga Fighter began the quest for the Orb.
     0 | D:1      | Reached XP level 1. HP: 21/21 MP: 1/1
    97 | D:1      | Reached XP level 2. HP: 9/28 MP: 2/2
   771 | D:2      | Reached XP level 3. HP: 30/34 MP: 3/3
   807 | D:2      | Found a faded altar to an unknown god.
  1256 | D:2      | Reached skill level 4 in Unarmed Combat
  1438 | D:2      | Reached XP level 4. HP: 38/42 MP: 4/4
  1688 | D:2      | Found a glowing silver altar of Zin.
  1689 | D:2      | Found Zin's Purification Station.
  2354 | D:3      | Noticed Grinder
  2373 | D:3      | Killed Grinder
  2373 | D:3      | Reached skill level 6 in Unarmed Combat
  2373 | D:3      | Reached XP level 5. HP: 17/49 MP: 1/5
  2373 | D:3      | Reached XP level 6. HP: 19/56 MP: 1/6
  2807 | D:3      | Found a shadowy altar of Dithmenos.
  2824 | D:3      | Found a stormy altar of Qazlal.
  2838 | D:3      | Found a shattered altar of Ashenzari.
  2845 | D:3      | Found a blossoming altar of Fedhas.
  3065 | D:3      | Reached skill level 7 in Unarmed Combat
  3302 | D:4      | Noticed a two-headed ogre
  3312 | D:4      | Killed a two-headed ogre
  3312 | D:4      | Reached skill level 8 in Unarmed Combat
  3312 | D:4      | Reached XP level 7. HP: 49/62 MP: 4/7
  4305 | D:4      | Found a staircase to the Ecumenical Temple.
  4474 | Temple   | Entered the Ecumenical Temple
  4553 | Temple   | Became a worshipper of Cheibriados the Contemplative
  4563 | D:4      | Upgraded the game from 0.17-a0-1636-g3119f2b to 0.17-a0-1637-g5d65775
  4652 | D:5      | Entered Level 5 of the Dungeon
  4652 | D:5      | Noticed Eustachio
  4830 | D:5      | Noticed Prince Ribbit
  4849 | D:5      | Killed Prince Ribbit
  4849 | D:5      | Reached skill level 9 in Unarmed Combat
  4849 | D:5      | Reached XP level 8. HP: 32/69 MP: 4/8
  5130 | D:5      | Acquired Cheibriados's first power
  5135 | D:5      | Reached skill level 10 in Unarmed Combat
  5313 | D:5      | Killed Eustachio
  6033 | D:6      | Found a basalt altar of Yredelemnul.
  6327 | D:6      | Reached skill level 11 in Unarmed Combat
  6327 | D:6      | Reached XP level 9. HP: 75/75 MP: 9/9
  6600 | D:6      | Found a burning altar of Makhleb.
  6600 | D:6      | Noticed a blizzard demon
  6911 | D:7      | Noticed Duvessa
  6911 | D:7      | Noticed Dowan
  6918 | D:7      | Killed Duvessa
  6923 | D:7      | Killed Dowan
  7009 | D:7      | Found a burning altar of Makhleb.
  7208 | D:7      | Reached skill level 12 in Unarmed Combat
  7274 | D:7      | Found Vinimog's Magic Scroll Boutique.
  7282 | D:7      | Bought a scroll of identify for 30 gold pieces
  7282 | D:7      | Bought a scroll of remove curse for 45 gold pieces
  7282 | D:7      | Bought a scroll of enchant armour for 112 gold pieces
  7605 | D:8      | Acquired Cheibriados's second power
  7617 | D:8      | Reached skill level 1 in Dodging
  7622 | D:8      | HP: 2/75 [orc/mace (3)]
  7629 | D:8      | Slain by an orc

Vault maps used:
D:1:      minmay_arrival_loop
D:2:      zin_purify, ecumenical_altar_2, first_bread,
          kennysheep_generic_room_15
D:3:      grunt_temple_overflow_cloverleaf, uniq_grinder
D:4:      temple_fountains
D:5:      serial_aquarium, aquarium_bridge_long_joined, aquarium_window_2,
          aquarium_window_2, aquarium_window_2, aquarium_window_1,
          aquarium_view_2e, minivault_25, uniq_eustachio, uniq_prince_ribbit1
D:6:      makhleb_altar_promises_db, yredelemnul_forgotten_temple_becter,
          serial_bayou_crossing
D:7:      serial_shops, shop, basic_altar, uniq_duvessa
D:8:      uniq_erolcha
Temple:   circular_temple_12

Action                   |  1- 3 |  4- 6 |  7- 9 || total
-------------------------+-------+-------+-------++-------
Melee: Unarmed           |   157 |   152 |   357 ||   666
 Abil: Spit Poison       |     9 |    10 |    15 ||    34
  Use: Potion            |       |     2 |     5 ||     7
  Eat: Chunk             |     1 |     6 |    10 ||    17
